 Dungeon Crawl Stone Soup version 0.28.0-43-g3370ac3207 (webtiles) character file.

Game seed: 5358326687007187901

56 funkygono the Firebug (level 3, 0/19 HPs)
             Began as a Gargoyle Fire Elementalist on Mar 7, 2022.
             Killed from afar by Sigmund (8 damage)
             ... with a magic dart
             ... on level 2 of the Dungeon.
             The game lasted 00:02:17 (1582 turns).

funkygono the Firebug (Gargoyle Fire Elementalist)  Turns: 1582, Time: 00:02:18

Health: 0/19       AC:  5    Str: 11    XL:     3   Next: 97%
Magic:  0/6        EV: 12    Int: 17    God:
Gold:   34         SH:  0    Dex: 10    Spells: 0/6 levels left

rFire   . . .      SeeInvis .   h - +0 club
rCold   . . .      Faith    .   (no shield)
rNeg    + . .      Spirit   .   a - +0 robe
rPois   ∞          Reflect  .   (no helmet)
rElec   +          Harm     .   (no cloak)
rCorr   .          Rampage  .   (no gloves)
Will    .....                   (no boots)
Stlth   ++........              (no amulet)
HPRegen 0.06/turn               (no ring)
MPRegen 0.10/turn               (no ring)

@: no status effects
A: sickness immunity, AC +3, negative energy resistance 1, electricity
resistance, torment resistance 1, petrification resistance
a: no special abilities


You were on level 2 of the Dungeon.
You visited 1 branch of the dungeon, and saw 2 of its levels.

You collected 34 gold pieces.

Inventory:

Hand Weapons
 h - a +0 club (weapon)
Missiles
 d - 55 stones
Armour
 a - a +0 robe (worn)
 e - a +0 leather armour
Jewellery
 j - a ring of flight
Scrolls
 b - 2 scrolls of teleportation {unknown}
 f - 3 scrolls of identify {unknown}
 i - a scroll of enchant armour {unknown}
 k - a scroll of holy word {unknown}
Potions
 c - a potion of curing {unknown}
 g - a potion of might {unknown}


   Skills:
 + Level 1.6 Dodging
 - Level 2.1 Stealth
 * Level 2.4 Spellcasting
 * Level 2.3 Conjurations
 * Level 3.9 Fire Magic


You couldn't memorise any spells.
You knew the following spells:

 Your Spells              Type           Power      Damage    Failure   Level
a - Foxfire               Conj/Fire      48%        2x1d6     5%          1
b - Scorch                Fire           30%        2d7       5%          2
c - Conjure Flame         Conj/Fire      12%        6-21      16%         3

Your spell library contained the following spells:

 Spells                   Type           Power      Damage    Failure   Level
 Inner Flame              Hex/Fire       8%         N/A       26%         3
 Flame Wave               Conj/Fire      12%        2d6       45%         4


Dungeon Overview and Level Annotations

Branches:
Dungeon (2/15)

Altars:

Annotations:
D:2 Sigmund


Innate Abilities, Weirdness & Mutations

You are immune to sickness and miasma.
Your stone body is resilient. (AC +3)
You are immune to poison.
You resist negative energy. (rN+)
You are resistant to electric shocks. (rElec)
You are resistant to unholy torment.
You are immune to petrification.


Message History

The puff of flame hits you!
Casting: Foxfire (safe; 5% risk of failure)
Confirm with . or Enter, or press ? or * to list all spells.
You conjure some foxfire!
Sigmund points at you and mumbles some strange words.
The magic dart hits you.
Casting: Foxfire (safe; 5% risk of failure)
Confirm with . or Enter, or press ? or * to list all spells.
You conjure some foxfire!
The foxfire hits Sigmund.
Sigmund is lightly wounded.
Sigmund points at you and mumbles some strange words.
The puff of flame misses you. The puff of flame hits your foxfire.
Your foxfire completely resists.
Casting: Foxfire (safe; 5% risk of failure)
Confirm with . or Enter, or press ? or * to list all spells.
You conjure some foxfire!
Sigmund completely misses you.
Casting: Foxfire (safe; 5% risk of failure)
Confirm with . or Enter, or press ? or * to list all spells.
You conjure some foxfire!
Unknown command.
Casting: Foxfire (safe; 5% risk of failure)
Confirm with . or Enter, or press ? or * to list all spells.
Flames lash Sigmund.
Sigmund is heavily wounded.
Sigmund's fire resistance burns away.
The foxfire hits Sigmund.
Sigmund is burned terribly!
Sigmund is severely wounded.
The foxfire hits Sigmund but does no damage.
Sigmund is severely wounded.
Sigmund hits you from afar with a +0 scythe.
Casting: Scorch (safe; 5% risk of failure)
Confirm with . or Enter, or press ? or * to list all spells.
You don't have enough magic to cast this spell.
Casting: Scorch (safe; 5% risk of failure)
Confirm with . or Enter, or press ? or * to list all spells.
Okay, then.
Your foxfire dissipates!
Sigmund casts a spell at you. The magic dart hits you!
You die...

#$#........ #.#.###.
#.#..........
..##.#....
#...........###..
.....# ##.<.#...
......# #...# ##
#........#.. ...##
#.†.###.
#..........###...
#.......
#......#..##.##.#
#..####.
##...#.##§#...#.####..#
##
#####.@§.@###........#
#.#..#...#.####.##
#.##.##.##.# #.# #.
#..#.#..# #.# #.
....#.... #.# ##
...###... ..# #....
....# ### #...#.#...#
##.##


You could see Sigmund (combustible).

Vanquished Creatures
  A hound skeleton (D:2)
  An adder (D:2)
  A dart slug (D:1)
  2 ball pythons
  2 bats (D:1)
  6 endoplasms
  4 goblins
  2 hobgoblins (D:1)
  2 frilled lizards (D:1)
  7 kobolds
  2 rats (D:1)
30 creatures vanquished.

Vanquished Creatures (others)
  86 foxfires
86 creatures vanquished.

Grand Total: 116 creatures vanquished

Notes
Turn   | Place    | Note
-------+----------+-------------------------------------------
     0 | D:1      | funkygono the Gargoyle Fire Elementalist began the quest
                  | for the Orb.
     0 | D:1      | Reached XP level 1. HP: 10/10 MP: 3/3
     2 | D:1      | Noticed a naga
     2 | D:1      | Noticed an elf
     4 | D:1      | Noticed a spriggan
     6 | D:1      | Noticed a human
     8 | D:1      | Noticed a vine stalker
     8 | D:1      | Noticed a felid
    10 | D:1      | Noticed a vampire
    12 | D:1      | Noticed an ogre
    12 | D:1      | Noticed a troll
    14 | D:1      | Noticed a merfolk
    14 | D:1      | Noticed a gargoyle
    16 | D:1      | Noticed a demonspawn
    16 | D:1      | Noticed a draconian
    18 | D:1      | Noticed a demigod
    18 | D:1      | Noticed a ghoul
    20 | D:1      | Noticed an octopode
    22 | D:1      | Noticed a minotaur
    22 | D:1      | Noticed a tengu
    24 | D:1      | Noticed a formicid
    26 | D:1      | Noticed a dwarf
   213 | D:1      | Reached XP level 2. HP: 15/15 MP: 3/5
   216 | D:1      | Learned a level 2 spell: Scorch
   777 | D:1      | Reached XP level 3. HP: 19/19 MP: 4/6
   781 | D:1      | Learned a level 3 spell: Conjure Flame
   935 | D:2      | Noticed Sigmund
  1582 | D:2      | Killed from afar by Sigmund

Illustrated notes

Levels and vault maps discovered:
D:1:      kb_arrival_jail, layout_basic, minmay_heptomino_o4
D:2:      layout_loops_cross, minmay_ruptured, uniq_sigmund

Skill      XL: |  1  2  3 |
---------------+----------+-----
Conjurations   | 2 |  2.3
Dodging        | |  1.6
Stealth        | |  2.1
Spellcasting   | |  2.4
Fire Magic     | |  3.9

Action                   || total
-------------------------++-------
Melee: Unarmed           ||     6
 Cast: Foxfire           ||    53
       Scorch            ||     8
Armor: Robe              ||     5
Dodge: Dodged            ||    20
